 Dungeon Crawl Stone Soup version 0.20.0-15-g7f486f2 (webtiles) character file.

154 greprep the Shield-Bearer (level 5, -3/46 HPs)
             Began as a Minotaur Fighter on June 23, 2017.
             Killed from afar by Ijyb (17 damage)
             ... with a wand of lightning (?/15)
             ... on level 3 of the Dungeon.
             The game lasted 00:02:44 (1702 turns).

greprep the Shield-Bearer (Minotaur Fighter)        Turns: 1702, Time: 00:02:45

Health: -3/46      AC:  7    Str: 26    XL:     5   Next: 13%
Magic:  4/4        EV:  8    Int:  5    God:
Gold:   189        SH: 10    Dex: 10    Spells: 4/4 levels left

rFire    . . .     SeeInvis .   a - +0 flail
rCold    . . .     Gourm    .   c - +0 shield
rNeg     . . .     Faith    .   n - +0 scale mail (curse)
rPois    .         Spirit   .   (helmet restricted)
rElec    .         Reflect  .   (no cloak)
rCorr    .         Harm     .   (no gloves)
MR       .....                  (no boots)
Stlth    ..........             (no amulet)
Regen    0.2/turn               (no ring)
MPRegen  0.1/turn               (no ring)

@: mighty, lethally poisoned (-3 -> -4), very slightly contaminated
A: retaliatory headbutt, horns 2
a: no special abilities


You were on level 3 of the Dungeon.
You were hungry.

You visited 1 branch of the dungeon, and saw 3 of its levels.

You collected 189 gold pieces.

Inventory:

Hand Weapons
 a - a +0 flail (weapon)
Armour
 c - a +0 shield (worn)
 n - a cursed +0 scale mail (worn)
Wands
 d - a wand of random effects (24/48)
Scrolls
 e - 4 scrolls of identify {unknown}
 h - 3 scrolls of teleportation {unknown}
 j - 2 scrolls of remove curse {unknown}
 k - a scroll of fear {unknown}
 p - 2 scrolls of blinking {unknown}
 q - a scroll of immolation {unknown}
 r - a scroll of enchant weapon {unknown}
Potions
 b - a potion of brilliance {unknown}
Comestibles
 f - 2 bread rations
 g - 4 fruits
 o - 3 royal jellies


   Skills:
 + Level 4.1 Fighting
 + Level 4.1 Maces & Flails
 + Level 4.4 Armour
 * Level 1.9 Dodging
 + Level 4.6 Shields


You had 4 spell levels left.
You didn't know any spells.

Dungeon Overview and Level Annotations

Branches:
Dungeon (3/15)

Altars:
Elyvilon
Fedhas
Ru

Annotations:
D:3 Ijyb


Innate Abilities, Weirdness & Mutations

You reflexively headbutt those who attack you in melee.
You have a pair of horns on your head.


Message History

You start resting.
You feel sick.
You flicker for a moment.
You feel sick.
Things that are here:
a giant spiked club; a poisoned needle; an ogre corpse You feel sick.
You see here a poisoned needle.
You now have 189 gold pieces (gained 8).
You feel sick.
You flicker back into view.
You feel sick.
You feel sick.
You feel sick.
You feel sick.
Ijyb the Twisted Goblin comes into view.
She is wielding a club.
You are too injured to fight recklessly!
You feel sick.
Ijyb shouts!
Ijyb zaps a wand.
The bolt of lightning hits you!
You die...

#####...####.......
#..(# #....._ #...#
...... #...# ##...#
.## ##.## #.##
....#######.# .#
#....!..##.#
#.?#.....#.#.#.##
#.....<@........#
#.......).........
#..........#.#.##.
#..#.............
#.......#.#.##....
####g##...#...###.
#.. #.#####.. #..
#.. .# #. ##.


You could see Ijyb.

Vanquished Creatures
  An ogre (D:3)
  2 adders (D:2)
  2 dart slugs (D:1)
  A leopard gecko (D:2)
  2 giant cockroaches (D:2)
  9 goblins
  A hobgoblin (D:2)
  4 jackals (D:1)
  A quokka (D:2)
  7 bats
  10 frilled lizards
  10 kobolds
  2 rats (D:1)
52 creatures vanquished.

Notes
Turn   | Place    | Note
-------+----------+-------------------------------------------
     0 | D:1      | greprep the Minotaur Fighter began the quest for the Orb.
     0 | D:1      | Reached XP level 1. HP: 19/19 MP: 0/0
   136 | D:1      | Reached XP level 2. HP: 23/27 MP: 1/1
   764 | D:1      | Reached XP level 3. HP: 31/33 MP: 2/2
  1017 | D:2      | Found a sacrificial altar of Ru.
  1171 | D:2      | Reached skill level 1 in Dodging
  1358 | D:2      | Reached XP level 4. HP: 32/40 MP: 3/3
  1652 | D:3      | Noticed an ogre
  1670 | D:3      | Found a white marble altar of Elyvilon.
  1678 | D:3      | Killed an ogre
  1678 | D:3      | Reached XP level 5. HP: 14/46 MP: 4/4
  1681 | D:3      | Found a blossoming altar of Fedhas.
  1702 | D:3      | Noticed Ijyb
  1702 | D:3      | Killed from afar by Ijyb

Skill      XL: |  1  2  3  4 |
---------------+-------------+-----
Armour         | 4 |  4.4
Shields        | 4 |  4.6
Dodging        | 1 |  1.9
Maces & Flails | 3 4 |  4.1
Fighting       | 4 |  4.1

Action                   |  1- 3 |  4- 6 || total
-------------------------+-------+-------++-------
Melee: Flail             |   140 |    18 ||   158
       Headbutt          |    11 |     3 ||    14
  Use: Potion            |       |     5 ||     5
  Eat: Chunk             |     2 |       ||     2
Armor: Scale mail        |    72 |     4 ||    76
Dodge: Dodged            |    36 |     6 ||    42
Block: Shield            |    82 |    14 ||    96
